 BcadrenCrawl: Boulder Brew version 0.05.21-81-gd28e3044bd (webtiles) character file.

Game seed: 10209287890877499883, levelgen mode: deterministic

421 theanonym the Slasher (level 6, -2/52 HPs) Minotaur Noble. Began on Sept 7, 2021. Slain by an adder (3 damage) ... on level 2 of the Dungeon. The game lasted 00:04:22 (1590 turns).

theanonym the Slasher (Minotaur Noble)              Turns: 1590, Time: 00:04:23

Health: -2/52      AC: 14    Str: 24    XL:     6 ^: 131
Magic:  6/6        EV:  7    Int:  9    God:
Gold:   430        SH:  0    Dex:  1    Spells: 7/7 levels left

rFire    + . .     Vision   +   a - +0 scimitar (vamp)
rCold    + . .     Gourm    .   (no weapon)
rNeg     . . .     Faith    .   b - +0 gold dragon scales
rCorr    . . .     Spirit   .   (helmet restricted)
rPois    +         Reflect  .   (no cloak)
rElec    .         Harm     .   (no gloves)
MR       .....                  (no boots)
Stlth    ..........             (no amulet)
HPRegen  0.27/turn              (no ring)
MPRegen  0.16/turn              (no ring)

@: no status effects
A: horns, retaliatory headbutt 2, see invisible, STR +1, INT +2, DEX -6, forlorn
a: no special abilities


Innate Abilities, Weirdness & Mutations

You reflexively attack those that strike you in melee with your horns.
You have supernaturally acute eyesight. (+Vis)
You are strong, clever and extremely clumsy. (STR +1, INT +2, DEX -6)
You have difficulty communicating with the divine.


   Skills:
 + Level 4.1 Fighting
 * Level 5.7 Long Blades
 + Level 3.8 Armour
 - Level 0.7 Stealth
 - Level 1.0 Spellcasting


You had 7 spell levels left.
You didn't know any spells.
Your spell library was empty.

Skill      XL: |  1  2  3  4  5  6 |
---------------+-------------------+-----
Long Blades    | 1 2 3 4 5 |  5.7
Armour         | 1 2 3 |  3.8
Fighting       | 2 3 4 |  4.1
Stealth        | |  0.7
Spellcasting   | |  1.0

Action                   |  1- 3 |  4- 6 || total
-------------------------+-------+-------++-------
Melee: Scimitar          |   107 |   125 ||   232
       Unarmed           |    90 |   111 ||   201
       Headbutt          |     4 |     9 ||    13
  Use: Scroll            |     2 |     1 ||     3
       Potion            |       |     1 ||     1
  Eat: Chunk             |     1 |     2 ||     3
Armor: Gold dragon scale |   108 |   119 ||   227
Dodge: Dodged            |    70 |    58 ||   128
       Rpst.: Scimitar   |     7 |    14 ||    21

Inventory:

Weapons
 a - a +0 vampiric scimitar (weapon)
Armour
 b - +0 gold dragon scales (worn)
Scrolls
 f - a scroll of fog
 h - a scroll of bless item
Comestibles
 d - 5 chunks of flesh
 e - 2 rations


You were on level 2 of the Dungeon.
You were not hungry.

You visited 1 branch of the dungeon, and saw 2 of its levels.
You also visited: Market.

You collected 390 gold pieces.
You spent 960 gold pieces at shops.

Dungeon Overview and Level Annotations

Branches:
Dungeon (2/8)

Altars:

.≈≈≈####≈.)..###≈≈## #≈..≈PPPP.
.≈≈PP..≈≈.....≈≈≈≈≈≈≈≈..≈≈ P≈≈P
.≈PP.≈≈≈≈P.P≈≈≈≈≈≈≈≈≈P≈.≈≈P≈Pb.
..≈P.......≈P≈≈≈≈≈≈≈P≈P....P.P.
≈....≈.≈≈.≈PP≈≈..≈≈≈PP..≈≈...≈.
;.≈≈≈≈.÷÷.÷.PP..≈≈≈≈≈PP.≈≈Pb...
≈≈≈≈≈≈≈≈≈..PPP.PP≈≈≈≈P≈b≈≈≈P≈≈.
≈≈≈≈≈≈≈;≈≈.P≈P.≈P≈≈≈.P≈..≈
≈≈≈≈≈≈≈≈...b..@SJSl....≈.≈
≈≈≈####.#≈....lJ##.###.≈.§ ≈≈P
#≈≈.≈÷÷÷#≈.b.≈≈# . ≈≈
######≈#_#.≈####
##.≈#..÷.#..#.#.. ;
##≈..≈...≈....[≈..≈
≈≈≈≈#.......≈###≈.#.###
≈≈≈.....†......##≈###
≈≈≈...........≈.###


You could see 2 cinder newts, an adder, a neutral slimehead (wandering)
(passive), a friendly jelly, a friendly ooze and a friendly ball python.

Notes
Turn   | Place    | Note
-------+----------+-------------------------------------------
     0 | Start Ma | theanonym the Minotaur Noble began the quest for the Orb.
     0 | Start Ma | Reached XP level 1. HP: 16/16 MP: 1/1
     0 | Start Ma | Found Wouhalosk's Expert Tomes.
     6 | Start Ma | Found Oneklur's Auxillary Armour.
     7 | Start Ma | Bought +0 gold dragon scales for 800 gold pieces
    25 | Start Ma | Found Ewul's Mashing MeleeMart.
    30 | Start Ma | Bought a +0 scimitar for 160 gold pieces
    38 | D:1      | theanonym set off with the following items: a +0 scimitar,
                  | +0 gold dragon scales, a ration
    68 | D:1      | Reached skill level 1 in Long Blades
   141 | D:1      | HP: 8/16 [dart slug (2)]
   142 | D:1      | Reached XP level 2. HP: 12/24 MP: 2/2
   238 | D:1      | Reached skill level 1 in Armour
   268 | D:1      | Reached skill level 2 in Long Blades
   269 | D:1      | Reached skill level 2 in Fighting
   275 | D:1      | HP: 12/24 [kobold/+0 dagger (1)]
   291 | D:1      | Reached XP level 3. HP: 17/29 MP: 3/3
   296 | D:1      | HP: 12/29 [hobgoblin/+0 club (4)]
   301 | D:1      | HP: 6/29 [goblin/+0 club (3)]
   310 | D:1      | HP: 6/29 [goblin/+0 club (2)]
   312 | D:1      | HP: 2/29 [goblin/+0 club (3)]
   681 | D:1      | Identified a scroll of acquirement
   794 | D:1      | HP: 14/29 [goblin (3)]
  1112 | D:2      | Reached skill level 3 in Long Blades
  1112 | D:2      | Reached skill level 2 in Armour
  1112 | D:2      | Reached XP level 4. HP: 37/37 MP: 4/4
  1121 | D:2      | HP: 18/37 [worm (4)]
  1207 | D:2      | Reached skill level 3 in Fighting
  1207 | D:2      | Reached skill level 4 in Long Blades
  1207 | D:2      | Reached XP level 5. HP: 35/45 MP: 5/5
  1267 | D:2      | Reached skill level 3 in Armour
  1346 | D:2      | Found a faded altar of an unknown god.
  1350 | D:2      | Identified the cursed ring of Tiots {rF+ rN+ AC+5, (Curse:
                  | Fragile rC-)}
  1355 | D:2      | Reached skill level 5 in Long Blades
  1355 | D:2      | Reached XP level 6. HP: 51/51 MP: 6/6
  1383 | D:2      | HP: 23/51 [big kobold/+0 whip (9)]
  1388 | D:2      | HP: 25/51 [kobold/+0 short sword[a big kobold] (2)]
  1545 | D:2      | Reached skill level 4 in Fighting
  1566 | D:2      | HP: 24/52 [big kobold/cursed +1 short sword of
                  | electrocution {(Curse: Fragile)} (5)]
  1567 | D:2      | Gained mutation: You are strong, clever and extremely
                  | clumsy. (STR +1, INT +2, DEX -6) [potion of mutation]
  1567 | D:2      | Gained mutation: You have difficulty communicating with the
                  | divine. [potion of mutation]
  1567 | D:2      | Gained mutation: You have supernaturally acute eyesight.
                  | (+Vis) [potion of mutation]
  1567 | D:2      | HP: 8/52 [big kobold/cursed +1 short sword of electrocution
                  | {(Curse: Fragile)} (6)]
  1569 | D:2      | HP: 2/52 [big kobold/cursed +1 short sword of electrocution
                  | {(Curse: Fragile)} (6)]
  1583 | D:2      | HP: 2/52 [adder (4)]
  1588 | D:2      | HP: 1/52 [adder (2)]
  1590 | D:2      | Slain by an adder

Vanquished Creatures
  A big kobold (D:2)
  4 jellies (D:2)
  4 giant cockroaches (D:2)
  8 cinder newts
  2 worms (D:2)
  An ooze (D:1)
  2 dart slugs (D:1)
  A leopard gecko (D:2)
  An adder skeleton (D:2)
  A ball python (D:2)
  4 hobgoblins (D:1)
  4 bats
  6 goblins (D:1)
  13 kobolds
  6 rats (D:1)
  A rat skeleton (D:2)
59 creatures vanquished.

Vanquished Creatures (collateral kills)
  A big kobold (D:2)
1 creature vanquished.

Vanquished Creatures (others)
  A bat skeleton (D:2)
  7 kobolds (D:2)
  41 withered plants (D:2)
49 creatures vanquished.

Grand Total: 109 creatures vanquished

Table legend:
 A = Turns spent in this place as a percentage of turns spent in the entire game.
 B = Non-inter-level travel turns spent in this place as a percentage of non-inter-level travel turns spent in the entire game.
 C = Inter-level travel turns spent in this place as a percentage of turns spent in this place.
 D = Turns resting spent in this place as a percentage of non-inter-level travel turns spent in this place.
 E = Turns spent auto-exploring this place as a percentage of non-inter-level travel turns spent in this place.
 F = Non-inter-level travel turns spent in this place divided by the number of levels of this place that you've seen.
                   A       B       C       D       E      F
               +-------+-------+-------+-------+-------+----------------------
         Total | 100.0 | 100.0 |   1.0 |  26.9 |  41.6 | 524.7
       Dungeon |  97.6 |  97.6 |   1.0 |  27.6 |  42.6 | 768.0
        Market |   2.4 |   2.4 |   0.0 |   0.0 |   0.0 |  38.0
               +-------+-------+-------+-------+-------+----------------------
